 Dungeon Crawl Stone Soup version 0.24-a0-123-ga2403f3 (console) character file.

Game seed: 1075567757138416207

4 Duffy the Chopper (level 1, -2/19 HPs)
             Began as a Naga Gladiator on Feb 22, 2019.
             Slain by a jackal (3 damage)
             ... on level 1 of the Dungeon.
             The game lasted 00:00:10 (73 turns).

Duffy the Chopper (Naga Gladiator)                    Turns: 73, Time: 00:00:11

Health: -2/19      AC:  2    Str: 16    XL:     1   Next: 60%
Magic:  1/1        EV: 10    Int:  8    God:
Gold:   0          SH:  0    Dex: 12    Spells: 0/0 levels left

rFire    . . .     SeeInvis +   a - +0 war axe
rCold    . . .     Gourm    .   (no shield)
rNeg     . . .     Faith    .   b - +0 leather armour
rPois    +         Spirit   .   c - +0 helmet
rElec    .         Reflect  .   (no cloak)
rCorr    .         Harm     .   (no gloves)
MR       .....                  (no barding)
Stlth    +.........             (no amulet)
HPRegen  0.06/turn              (no ring)
MPRegen  0.07/turn              (no ring)

@: very slow
A: large, see invisible, deformed body, poison resistance, slowness 2, slow
metabolism 1, spit poison 1, AC +0
a: Spit Poison


You were on level 1 of the Dungeon.
You were not hungry.

You visited 1 branch of the dungeon, and saw 1 of its levels.

Inventory:

Hand Weapons
 a - a +0 war axe (weapon)
Missiles
 d - 3 throwing nets (quivered)
Armour
 b - a +0 leather armour (worn)
 c - a +0 helmet (worn)
Potions
 e - a potion of magic {unknown}
Comestibles
 f - 2 rations
 g - 4 chunks of flesh


   Skills:
 - Level 2.0 Fighting
 + Level 3.3 Axes
 - Level 1.7 Throwing
 - Level 2.4 Dodging


You couldn't memorise any spells.
You didn't know any spells.
Your spell library was empty.

Dungeon Overview and Level Annotations

Branches:
Dungeon (1/15)

Altars:


Innate Abilities, Weirdness & Mutations

You cannot wear boots.
Your serpentine skin is tough. (AC +0)
You have supernaturally acute eyesight. (SInv)
Armour fits poorly on your strangely shaped body.
Your system is resistant to poisons. (rPois)
You cover ground very slowly.
You have a slow metabolism.
You can spit poison.


Message History

The jackal is almost dead.
You completely miss the jackal. The jackal bites you. x3
The jackal closely misses you.
You barely miss the jackal.
The jackal is almost dead.
You hit the jackal.
You kill the jackal!
You barely miss the frilled lizard. The frilled lizard misses you.
The jackal barely misses you. The jackal bites you.
The frilled lizard bites you but does no damage.
You closely miss the jackal.
The jackal is almost dead.
You miss the frilled lizard. The jackal barely misses you.
The frilled lizard closely misses you. The jackal barely misses you.
You closely miss the frilled lizard. You hit the jackal but do no damage.
The frilled lizard closely misses you. The jackal barely misses you.
You closely miss the frilled lizard. You miss the jackal.
The jackal barely misses you. The frilled lizard misses you.
The jackal bites you.
You die...

......... ........# .......#
......#### ######### #.......#
#........ #....##.####
#........
#..lh......###........
#@.......##........
############..}...............
...)...................####.##
########........<.\..#%##[#
#.............#....#
#......}......####.#
#...#........## #.#
###.##......## #.#
#.#........# #.#


You could see a jackal and a frilled lizard.

Vanquished Creatures
  2 jackals (D:1)
  A ball python (D:1)
  A frilled lizard (D:1)
4 creatures vanquished.

Notes
Turn   | Place    | Note
-------+----------+-------------------------------------------
     0 | D:1      | Duffy the Naga Gladiator began the quest for the Orb.
     0 | D:1      | Reached XP level 1. HP: 19/19 MP: 1/1
    73 | D:1      | Slain by a jackal

Levels and vault maps discovered:
D:1:      wander_arrival_desolate, layout_basic, minmay_misc_feat_rugged,
          st_stairs_6, minivault_4, serial_bayou_crossing

Action                   || total
-------------------------++-------
Melee: War axe           ||    18
Armor: Leather armour    ||     5
Dodge: Dodged            ||    34

Table legend:
 A = Non-vault XP
 B = Vault XP
 C = Vault XP percentage of total XP
 D = Non-vault monster count
 E = Vault monster count
 F = Vault count percentage of total count
                 A         B        C        D         E       F
            +---------+---------+-------+---------+---------+-------
      Total |       6 |       0 |   0.0 |       4 |       0 |   0.0
            +---------+---------+-------+---------+---------+-------
        D:1 |       6 |       0 |   0.0 |       4 |       0 |   0.0
            +---------+---------+-------+---------+---------+-------
